 Dungeon Crawl Stone Soup version 0.30.1-9-gdf580d7c3d (webtiles) character file.

Game seed: 1394188925781086261

47 Psyclone the Conjurer (level 3, 19/19 HPs)
             Began as a Deep Elf Conjurer on Sept 29, 2023.
             Quit the game on level 2 of the Dungeon.
             The game lasted 00:02:44 (1785 turns).

Psyclone the Conjurer (Deep Elf Conjurer)           Turns: 1785, Time: 00:02:45

Health: 19/19      AC:  2    Str:  4    XL:     3   Next: 48%
Magic:  10/10      EV: 12    Int: 24    God:
Gold:   39         SH:  0    Dex: 13    Spells: 7/10 levels left

rFire   + . .        d - +1 dagger (flame)
rCold   + . .        (no shield)
rNeg    . . .        a - +0 robe
rPois   .            (no helmet)
rElec   .            e - scarf {rC+ rF+}
rCorr   .            (no gloves)
SInv    .            (no boots)
Will    .....        (no amulet)
Stlth   ++           (no ring)
HPRegen 0.23/turn    (no ring)
MPRegen 0.12/turn

%: no passive effects
@: no status effects
A: no striking features
a: no special abilities


You were on level 2 of the Dungeon.
You visited 1 branch of the dungeon, and saw 2 of its levels.

You collected 39 gold pieces.

Inventory:

Hand Weapons
 d - a +1 dagger of flaming (weapon)
Armour
 a - a +0 robe (worn)
 e - a scarf of resistance (worn)
Scrolls
 f - a scroll of enchant armour
 h - 4 scrolls of identify {@r1}
 i - 4 scrolls of teleportation
Potions
 b - a potion of magic
 c - 2 potions of ambrosia
 g - a potion of haste


   Skills:
 - Level 2.4 Dodging
 - Level 2.4 Stealth
 + Level 4.4 Spellcasting
 + Level 5.1 Conjurations


You had 7 spell levels left.
You knew the following spells:

 Your Spells              Type           Power      Damage    Failure   Level
a - Magic Dart            Conj           100%       1d8       1%          1
b - Searing Ray           Conj           60%        2d6       1%          2

Your spell library contained the following spells:

 Spells                   Type           Power      Damage    Failure   Level
 Dazzling Flash           Conj/Hex       34%        N/A       10%         3
 Frozen Ramparts          Ice            10%        1d2       28%         3
 Inner Flame              Hex/Fire       5%         N/A       28%         3
 Flame Wave               Conj/Fire      17%        2d7       32%         4
 Fulminant Prism          Conj/Hex       8%         3d7       32%         4
 Iskenderun's Mystic Bla  Conj/Tloc      17%        2d5       32%         4
 Sticky Flame             Conj/Fire      17%        2d4       32%         4
 Ice Form                 Ice/Tmut       5%         N/A       67%         4
 Summon Ice Beast         Ice/Summ       5%         N/A       67%         4


Dungeon Overview and Level Annotations

Branches:
Dungeon (2/15) Zot: 10215

Altars:
Kikubaaqudgha


Message History

Press: ? - help, Shift-Dir - straight line, f - endoplasm
Aim: an endoplasm (wandering, hasn't noticed you, 100% to hit)
The magic dart hits the endoplasm!
You kill the endoplasm!
Casting: Magic Dart (safe; 1% risk of failure)
Confirm with . or Enter, or press ? or * to list all spells.
You can't see any susceptible monsters within range! (Use Z to cast anyway.)
You now have 9/10 mp.
Unknown command.
Casting: Magic Dart (safe; 1% risk of failure)
Confirm with . or Enter, or press ? or * to list all spells.
You can't see any susceptible monsters within range! (Use Z to cast anyway.) Unknown command.
There is an open door here.
There is an escape hatch in the floor here.
There is an open door here.
Found a stone staircase leading up.
MP restored: 10
There is a stone staircase leading up here.
Found a ring mail.
Casting: Magic Dart (safe; 1% risk of failure)
Confirm with . or Enter, or press ? or * to list all spells.
You can't see any susceptible monsters within range! (Use Z to cast anyway.) Unknown command.
Casting: Magic Dart (safe; 1% risk of failure)
Confirm with . or Enter, or press ? or * to list all spells.
You can't see any susceptible monsters within range! (Use Z to cast anyway.) Unknown command.
Casting: Magic Dart (safe; 1% risk of failure)
Confirm with . or Enter, or press ? or * to list all spells.
You can't see any susceptible monsters within range! (Use Z to cast anyway.) Unknown command.
Found 4 poisoned darts.
You see here a +0 ring mail.
Done exploring.
As you read the scroll labelled HEWEEKK SAAGU, it crumbles to dust.
You hear a loud clanging noise!
It was a scroll of noise.
It was a potion of heal wounds.
You feel much better.
Are you sure you want to abandon this character and quit the game? (Confirm with "yes".)

.#
#.#.#.##.#
##
#.#[#.##.#
#.#.#.##.#
#.#.#.##.#
#.#.#.##.#
#.#.#.##.#
#.#.#.##.#
#.#.#.##.#
#.#.@.##.#
#.######.#
#........#
#.########
###


There were no monsters in sight!

Vanquished Creatures
  An adder (D:2)
  A dart slug (D:1)
  3 ball pythons (D:2)
  3 bats (D:2)
  5 endoplasms
  2 giant cockroaches (D:2)
  7 goblins
  A hobgoblin (D:2)
  4 frilled lizards
  4 kobolds
  4 rats
35 creatures vanquished.

Notes
Turn   | Place    | Note
-------+----------+-------------------------------------------
     0 | D:1      | Psyclone the Deep Elf Conjurer began the quest for the Orb.
     0 | D:1      | Reached XP level 1. HP: 10/10 MP: 6/6
   188 | D:1      | Reached XP level 2. HP: 15/15 MP: 4/8
   463 | D:1      | Learned a level 2 spell: Searing Ray
   835 | D:2      | Reached XP level 3. HP: 19/19 MP: 6/10
   886 | D:2      | Reached skill level 5 in Conjurations
  1279 | D:2      | Found an ancient bone altar of Kikubaaqudgha.
  1785 | D:2      | Quit the game

Illustrated notes

Levels and vault maps discovered:
D:1:      co_arrival_random_square_maze, layout_rooms
D:2:      minmay_skewed_foursquare, layout_basic, basic_altar, st_stairs_5,
          serial_park_tiny_1, hangedman_decor_riveting

Skill      XL: |  1  2  3 |
---------------+----------+-----
Spellcasting   | 4 |  4.4
Conjurations   | 5 |  5.1
Dodging        | |  2.4
Stealth        | |  2.4

Action                     || total
---------------------------++-------
   Cast: Magic Dart        ||    56
    Use: Scroll            ||     5
         Potion            ||     2
 Armour: Robe              ||     1
  Dodge: Dodged            ||     6
